 Dungeon Crawl Stone Soup version 0.25-a0-479-g8579842fd4 (webtiles) character file.

Game seed: 4003545527963150004, levelgen mode: deterministic

56 HawFromDerth the Magician (level 3, -1/19 HPs)
             Began as a Deep Elf Wizard on Feb 9, 2020.
             Slain by Terence
             ... wielding a +3 falchion of electrocution
              (8 damage)
             ... on level 2 of the Dungeon.
             The game lasted 00:07:29 (1833 turns).

HawFromDerth the Magician (Deep Elf Wizard)         Turns: 1833, Time: 00:07:29

Health: -1/19      AC:  2    Str:  4    XL:     3   Next: 69%
Magic:  1/12       EV: 13    Int: 23    God:
Gold:   65         SH:  0    Dex: 13    Spells: 8/13 levels left

rFire    . . .     SeeInvis .   (no weapon)
rCold    . . .     Gourm    .   (no shield)
rNeg     . . .     Faith    .   a - +0 robe
rPois    .         Spirit   .   b - +0 hat
rElec    .         Reflect  .   (no cloak)
rCorr    .         Harm     .   (no gloves)
MR       .....                  (no boots)
Stlth    ++........             (no amulet)
HPRegen  0.06/turn              (no ring)
MPRegen  0.13/turn              (no ring)

@: no status effects
A: no striking features
a: no special abilities


You were on level 2 of the Dungeon.
You were not hungry.

You visited 1 branch of the dungeon, and saw 2 of its levels.

You collected 65 gold pieces.

Inventory:

Hand Weapons
 m - a +0 dagger
Armour
 a - a +0 robe (worn)
 b - a +0 hat (worn)
Scrolls
 c - a scroll of fear {unknown}
 e - 3 scrolls of identify
 f - a scroll of fog
 g - a scroll of teleportation
 h - a scroll of noise {unknown}
 j - a scroll of immolation {unknown}
 k - 4 scrolls of enchant armour {unknown}
Potions
 i - a potion of brilliance {unknown}
 l - a potion of cancellation {unknown}
Comestibles
 d - 4 rations


   Skills:
 + Level 2.7 Dodging
 + Level 2.9 Stealth
 + Level 5.9 Spellcasting
 + Level 1.7 Conjurations
 + Level 1.1 Summonings
 + Level 1.1 Translocations


You had 8 spell levels left.
You knew the following spells:

 Your Spells              Type           Power        Failure   Level  Hunger
a - Magic Dart            Conj           ##..         4%          1    None
b - Blink                 Tloc           N/A          9%          2    None
c - Call Imp              Summ           ##......     9%          2    None

Your spell library contained the following spells:

 Spells                   Type           Power        Failure   Level  Hunger
 Slow                     Hex            #.......     13%         2    None
 Conjure Flame            Conj/Fire      ##......     19%         3    #......
 Mephitic Cloud           Conj/Pois/Air  #.......     21%         3    #......


Dungeon Overview and Level Annotations

Branches:
Dungeon (2/15)

Altars:

Annotations:
D:2 Terence


Message History

The magic dart hits Terence but does no damage.
Terence is moderately wounded.
Terence misses you.
Casting: Magic Dart (safe; 4% risk of failure)
Confirm with . or Enter, or press ? or * to list all spells.
Aiming: Magic Dart (safe; 4% risk of failure)
Press: ? - help, Shift-Dir - straight line, f/p - Terence
Aim: Terence, wielding a +3 falchion of electrocution and wearing a +0 chain mail (moderately wounded)
The magic dart hits Terence but does no damage.
Terence is moderately wounded.
Terence hits you with a +3 falchion of electrocution.
Terence shouts, "Now you die!"
Found a ration.
Terence barely misses you.
You see here a dagger.
m - a dagger Terence hits you with a +3 falchion of electrocution!
Terence hits you with a +3 falchion of electrocution.
You are electrocuted!
You die...

#.# #... #.# #... #.#
#... #.# #... #### ###.#
##.# .%# ##...## #.#
###.######.....###@#
#...............##.#
######.@@.####..........#
........#........<...####
.#####$..................
#.#.#..........#####
#.#.#..####.#.## #.#.#..#
#.### ....#..# #.#
....#..# #.# #...##..#
#.#


You could see Terence.

Vanquished Creatures
  2 adders (D:2)
  An ooze (D:1)
  A leopard gecko (D:1)
  A ball python (D:1)
  3 bats
  A giant cockroach (D:1)
  8 goblins
  4 hobgoblins
  3 kobolds
  5 frilled lizards
  3 rats (D:2)
32 creatures vanquished.

Notes
Turn   | Place    | Note
-------+----------+-------------------------------------------
     0 | D:1      | HawFromDerth the Deep Elf Wizard began the quest for the
                  | Orb.
     0 | D:1      | Reached XP level 1. HP: 10/10 MP: 7/7
   405 | D:1      | Reached XP level 2. HP: 15/15 MP: 7/9
   409 | D:1      | Reached skill level 5 in Spellcasting
   884 | D:1      | Learned a level 2 spell: Blink
   887 | D:1      | Learned a level 2 spell: Call Imp
  1135 | D:2      | Reached XP level 3. HP: 19/19 MP: 3/11
  1615 | D:2      | Noticed Terence
  1833 | D:2      | Slain by Terence

Levels and vault maps discovered:
D:1:      nicolae_arrival_washed_ashore, layout_basic, interstate_on_off,
          minmay_pentomino_q2
D:2:      layout_loops_ring, hex_medium, minmay_split_cup_large, uniq_terence

Skill      XL: |  1  2 |
---------------+-------+-----
Spellcasting   | 5 |  5.9
Dodging        | |  2.7
Stealth        | |  2.9
Conjurations   | |  1.7
Summonings     | |  1.1
Translocations | |  1.1

Action                   || total
-------------------------++-------
Melee: Unarmed           ||     1
 Cast: Magic Dart        ||    84
       Blink             ||     6
  Use: Scroll            ||     2
  Eat: Ration            ||     1
       Chunk             ||     1
Armor: Robe              ||     2
Dodge: Dodged            ||    19

Table legend:
 A = Non-vault XP
 B = Vault XP
 C = Vault XP percentage of total XP
 D = Non-vault monster count
 E = Vault monster count
 F = Vault count percentage of total count
                 A         B        C        D         E       F
            +---------+---------+-------+---------+---------+-------
      Total |      70 |      10 |  12.5 |      26 |       6 |  18.8
            +---------+---------+-------+---------+---------+-------
        D:1 |      33 |       4 |  10.8 |      16 |       2 |  11.1
        D:2 |      37 |       6 |  14.0 |      10 |       4 |  28.6
            +---------+---------+-------+---------+---------+-------
